MLB
SEATTLE MARINERS @ LAS VEGAS RAT PACK
03/04/2024
 
TOP OF THE 1ST
Seattle Mariners batting - Pitching for Las Vegas Rat Pack : RHP Jake Odorizzi
Pitching: RHP Jake Odorizzi
Batting: LHB Brandon Marsh 0-0: Called Strike
0-1: Ball
1-1: Ball
2-1: Foul Ball, location: 2F
2-2: Foul Ball, location: 2F
2-2: SINGLE (Groundball, 34D, EV 104.4 MPH)
Batting: LHB Jarred Kelenic 0-0: Ball
1-0: Ball
2-0: Foul Ball, location: 2F
2-1: Called Strike
2-2: Foul Ball, location: 2F
2-2: SINGLE (Line Drive, 56D, EV 98.8 MPH)
Brandon Marsh to second
Batting: LHB Chris Knight 0-0: Called Strike
0-1: Ball
1-1: Ball
2-1: Ball
3-1: Called Strike
3-2: Strikes out looking
Batting: SHB Anthony Garcia 0-0: Called Strike
0-1: SINGLE (Groundball, 4MD, EV 103.8 MPH)
Brandon Marsh to third
Jarred Kelenic to second
Runner from 3rd tries for Home, SAFE, throw by CF to home
Batting: RHB Jordan Groshans 0-0: Ball
1-0: Ball
2-0: Ball
3-0: Called Strike
3-1: Fly out, F3 (Popup, 3DF, EV 43.1 MPH)
Batting: RHB Marco Luciano 0-0: Ball
1-0: Ball
2-0: Called Strike
2-1: Swinging Strike
2-2: Ball
3-2: Strikes out swinging
Top of the 1st over - 1 run, 3 hits, 0 errors, 2 left on base; Seattle 1 - Las Vegas 0
BOTTOM OF THE 1ST
Las Vegas Rat Pack batting - Pitching for Seattle Mariners : RHP Cole Uvila
Pitching: RHP Cole Uvila
Batting: LHB Andrew Stevenson 0-0: Ball
1-0: Foul Ball, location: 2F
1-1: SINGLE (Groundball, 34D, EV 103.1 MPH)
Batting: SHB Engelb Vielma 0-0: Called Strike
0-1: Ball
1-1: Grounds into double play, 6-4-3 (Groundball, 6, EV 88.1 MPH)
Batting: RHB Gio Urshela 0-0: Called Strike
0-1: Called Strike
0-2: Ball
1-2: SINGLE (Groundball, 25, EV 71.9 MPH) (infield hit)
Batting: LHB David Dahl 0-0: Ball
1-0: Ball
2-0: Foul Ball, location: 2F
2-1: Swinging Strike
2-2: Foul Ball, location: 2F
2-2: Foul Ball, location: 2F
2-2: Foul Ball, location: 2F
2-2: Ground out 6-3 (Groundball, 6MS, EV 68.8 MPH)
Bottom of the 1st over - 0 runs, 2 hits, 0 errors, 1 left on base; Seattle 1 - Las Vegas 0
TOP OF THE 2ND
Seattle Mariners batting - Pitching for Las Vegas Rat Pack : RHP Jake Odorizzi
Batting: RHB Royce Lewis 0-0: Ball
1-0: Called Strike
1-1: Ball
2-1: Swinging Strike
2-2: Ball
3-2: Base on Balls
Batting: LHB Chance Sisco 0-0: Ball
1-0: Ball
2-0: Ball
3-0: Called Strike
3-1: Called Strike
3-2: Foul Ball, location: 2F
3-2: Foul Ball, location: 2F
3-2: Base on Balls
Royce Lewis to second
Batting: RHB Sean Kuric 0-0: Ball
1-0: Called Strike
1-1: Grounds into double play, 5-4-3 (Groundball, 5, EV 102.5 MPH)
Royce Lewis to third
Batting: LHB Brandon Marsh 0-0: Ball
1-0: Ball
2-0: Foul Ball, location: 2F
2-1: Ball
3-1: Foul Ball, location: 2F
3-2: Foul Ball, location: 2F
3-2: Base on Balls
Batting: LHB Jarred Kelenic 0-0: Called Strike
0-1: Foul Ball, location: 2F
0-2: Ball
1-2: Ball
2-2: Ball
3-2: Foul Ball, location: 2F
3-2: Foul Ball, location: 2F
3-2: 3-RUN HOME RUN (Flyball, 7D, EV 96.9 MPH), Distance : 377 ft
Batting: LHB Chris Knight 0-0: Called Strike
0-1: Fly out, F2 (Popup, 25F, EV 76.9 MPH)
Top of the 2nd over - 3 runs, 1 hit, 0 errors, 0 left on base; Seattle 4 - Las Vegas 0
BOTTOM OF THE 2ND
Las Vegas Rat Pack batting - Pitching for Seattle Mariners : RHP Cole Uvila
Batting: LHB Tim Gonzales 0-0: Called Strike
0-1: Ball
1-1: Ball
2-1: SOLO HOME RUN (Flyball, 9LD, EV 95.6 MPH), Distance : 358 ft
Batting: LHB Bobby Bradley 0-0: Called Strike
0-1: Called Strike
0-2: Ball
1-2: DOUBLE (Line Drive, 8RXD, EV 105.0 MPH)
Batting: LHB Justin Williams 0-0: Called Strike
0-1: Swinging Strike
0-2: Strikes out swinging
Batting: LHB Nick Ciuffo 0-0: Foul Ball, location: 2F
0-1: TRIPLE (Flyball, 78XD, EV 100.6 MPH)
Bobby Bradley scores
Batting: RHB Wilfredo Tovar 0-0: Ball
1-0: Ground out 4-3 (Groundball, 4, EV 82.5 MPH)
Nick Ciuffo scores
Batting: LHB Andrew Stevenson 0-0: Called Strike
0-1: SINGLE (Groundball, 4M, EV 100.6 MPH) (infield hit)
Batting: SHB Engelb Vielma 0-0: Ball
1-0: Ball
2-0: Foul Ball, location: 2F
2-1: Ball
3-1: Fly out, F7 (Flyball, 7D, EV 93.8 MPH)
Bottom of the 2nd over - 3 runs, 4 hits, 0 errors, 1 left on base; Seattle 4 - Las Vegas 3
TOP OF THE 3RD
Seattle Mariners batting - Pitching for Las Vegas Rat Pack : RHP Jake Odorizzi
Batting: SHB Anthony Garcia 0-0: Ball
1-0: Foul Ball, location: 2F
1-1: Ball
2-1: Fly out, F1 (Line Drive, P, EV 65.6 MPH)
Batting: RHB Jordan Groshans 0-0: Ground out 6-3 (Groundball, 56D, EV 100.0 MPH)
Batting: RHB Marco Luciano 0-0: Ball
1-0: Ball
2-0: Foul Ball, location: 2F
2-1: Foul Ball, location: 2F
2-2: DOUBLE (Line Drive, 78XD, EV 99.4 MPH)
Batting: RHB Royce Lewis 0-0: SINGLE (Groundball, 6MD, EV 101.9 MPH)
Marco Luciano to third
Runner from 3rd tries for Home, SAFE, throw by CF to home
Pitching: RHP Enmanuel Solano
Now in CF: Brayan Buelvas
Batting: LHB Chance Sisco 0-0: Ball
Royce Lewis is caught stealing 2nd base 2-6
Top of the 3rd over - 1 run, 2 hits, 0 errors, 0 left on base; Seattle 5 - Las Vegas 3
BOTTOM OF THE 3RD
Las Vegas Rat Pack batting - Pitching for Seattle Mariners : RHP Cole Uvila
Batting: RHB Gio Urshela 0-0: Ball
1-0: Called Strike
1-1: Ball
2-1: Ball
3-1: Called Strike
3-2: Fly out, F9 (Flyball, 9, EV 89.4 MPH)
Batting: LHB David Dahl 0-0: Called Strike
0-1: Ball
1-1: Ball
2-1: Foul Ball, location: 2F
2-2: Foul Ball, location: 2F
2-2: Fly out, F7 (Flyball, 7S, EV 88.1 MPH)
Batting: LHB Tim Gonzales 0-0: Foul Ball, location: 2F
0-1: Fly out, F8 (Flyball, 8RD, EV 85.0 MPH)
Bottom of the 3rd over - 0 runs, 0 hits, 0 errors, 0 left on base; Seattle 5 - Las Vegas 3
TOP OF THE 4TH
Seattle Mariners batting - Pitching for Las Vegas Rat Pack : RHP Enmanuel Solano
Batting: LHB Chance Sisco 0-0: Ground out 4-3 (Groundball, 4M, EV 88.1 MPH)
Batting: RHB Sean Kuric 0-0: DOUBLE (Line Drive, 7LS, EV 112.5 MPH)
Batting: LHB Brandon Marsh 0-0: Called Strike
Sean Kuric steals 3rd base
0-1: Ball
1-1: Ball
Wild Pitch!
Sean Kuric scores
2-1: Fly out, F5 (Flyball, 5D, EV 81.2 MPH)
Batting: LHB Jarred Kelenic 0-0: Called Strike
0-1: Ball
1-1: Ball
2-1: SINGLE (Groundball, 6D, EV 98.8 MPH)
Batting: LHB Chris Knight 0-0: Ball
1-0: Called Strike
1-1: Ball
2-1: Fielders Choice at 2nd, U6 (Groundball, 4M, EV 91.9 MPH)
Top of the 4th over - 1 run, 2 hits, 0 errors, 1 left on base; Seattle 6 - Las Vegas 3
BOTTOM OF THE 4TH
Las Vegas Rat Pack batting - Pitching for Seattle Mariners : RHP Cole Uvila
Batting: LHB Bobby Bradley 0-0: Called Strike
0-1: Ball
1-1: Ball
2-1: Foul Ball, location: 2F
2-2: Ball
3-2: Base on Balls
Pitching: RHP Wyatt Mills
Batting: LHB Justin Williams 0-0: Ball
1-0: Called Strike
1-1: Swinging Strike
1-2: Ball
2-2: Foul Ball, location: 2F
2-2: Ball
3-2: Base on Balls
Bobby Bradley to second
Batting: LHB Nick Ciuffo 0-0: Ball
1-0: DOUBLE (Line Drive, 7LS, EV 93.8 MPH)
Bobby Bradley scores
Justin Williams to third
Runner from 3rd tries for Home, SAFE, no throw by LF
Batting: RHB Wilfredo Tovar 0-0: Ground out U3 (Groundball, 34S, EV 78.1 MPH)
Nick Ciuffo to third
Batting: RHB Brayan Buelvas 0-0: Ball
1-0: Ball
2-0: Called Strike
2-1: Fly out, F8 (Flyball, 78M, EV 83.8 MPH)
Runner from 3rd tags up, SCORES, throw by CF
Batting: SHB Engelb Vielma 0-0: Ball
1-0: Called Strike
1-1: SINGLE (Groundball, 25, EV 60.0 MPH) (infield hit)
Batting: RHB Gio Urshela 0-0: 2-RUN HOME RUN (Line Drive, 7D, EV 95.6 MPH), Distance : 352 ft
Pitching: RHP Luke Farrell
Batting: LHB David Dahl 0-0: Called Strike
0-1: Foul Ball, location: 2F
0-2: Fly out, F8 (Line Drive, 8LD, EV 95.6 MPH)
Bottom of the 4th over - 5 runs, 3 hits, 0 errors, 0 left on base; Seattle 6 - Las Vegas 8
TOP OF THE 5TH
Seattle Mariners batting - Pitching for Las Vegas Rat Pack : RHP Enmanuel Solano
Batting: SHB Anthony Garcia 0-0: Ball
1-0: Foul Ball, location: 2F
1-1: Foul Ball, location: 2F
1-2: Foul Ball, location: 2F
1-2: Fly out, F8 (Line Drive, 8LM, EV 92.5 MPH)
Batting: RHB Jordan Groshans 0-0: Fly out, F6 (Popup, 6S, EV 73.8 MPH)
Batting: RHB Marco Luciano 0-0: Called Strike
0-1: Fly out, F8 (Flyball, 8LM, EV 76.9 MPH)
Top of the 5th over - 0 runs, 0 hits, 0 errors, 0 left on base; Seattle 6 - Las Vegas 8
BOTTOM OF THE 5TH
Las Vegas Rat Pack batting - Pitching for Seattle Mariners : RHP Luke Farrell
Batting: LHB Tim Gonzales 0-0: Ground out 4-3 (Groundball, 4, EV 83.1 MPH)
Batting: LHB Bobby Bradley 0-0: Called Strike
0-1: Foul Ball, location: 2F
0-2: Ball
1-2: Strikes out swinging
Batting: LHB Justin Williams 0-0: Ball
1-0: Called Strike
1-1: Ground out 3-1 (Groundball, 13, EV 90.0 MPH)
Bottom of the 5th over - 0 runs, 0 hits, 0 errors, 0 left on base; Seattle 6 - Las Vegas 8
TOP OF THE 6TH
Seattle Mariners batting - Pitching for Las Vegas Rat Pack : RHP Enmanuel Solano
Batting: RHB Royce Lewis 0-0: Ball
1-0: Foul Ball, location: 2F
1-1: Ball
2-1: DOUBLE (Line Drive, 78M, EV 107.5 MPH)
Batting: LHB Chance Sisco 0-0: Foul Ball, location: 2F
0-1: Ball
1-1: Ball
2-1: Ball
3-1: Called Strike
3-2: Fly out, F7 (Flyball, 7D, EV 100.0 MPH)
Runner from 2nd tags up, SAFE at 3rd, no throw by LF
Pitching: RHP Jose Ruiz
Pinch Hitting: LHB Tyler Keenan 0-0: Called Strike
0-1: Ball
1-1: Ball
2-1: Ball
3-1: Foul Ball, location: 2F
3-2: Strikes out looking
Pinch Hitting: LHB Taylor Trammell 0-0: Ball
1-0: Foul Ball, location: 2F
1-1: Ball
2-1: Swinging Strike
2-2: Ball
3-2: Base on Balls
Pinch Hitting: LHB Ender Inciarte 0-0: Called Strike
0-1: Swinging Strike
0-2: Ball
1-2: Ball
2-2: Strikes out swinging
Top of the 6th over - 0 runs, 1 hit, 0 errors, 2 left on base; Seattle 6 - Las Vegas 8
BOTTOM OF THE 6TH
Las Vegas Rat Pack batting - Pitching for Seattle Mariners : RHP Luke Farrell
Now at SS: Joe Gotte
Now in LF: Taylor Trammell
Now in CF: Ender Inciarte
Now in RF: Royce Lewis
Batting: LHB Nick Ciuffo 0-0: Ball
1-0: Called Strike
1-1: Foul Ball, location: 2F
1-2: Strikes out swinging
Batting: RHB Wilfredo Tovar 0-0: Ball
1-0: Foul Ball, location: 2F
1-1: Ground out 4-3 (Groundball, 34, EV 90.0 MPH)
Batting: RHB Brayan Buelvas 0-0: Hit by Pitch
Batting: SHB Engelb Vielma 0-0: Ball
1-0: Ball
2-0: Fly out, F3 (Line Drive, 3, EV 70.0 MPH)
Bottom of the 6th over - 0 runs, 0 hits, 0 errors, 1 left on base; Seattle 6 - Las Vegas 8
TOP OF THE 7TH
Seattle Mariners batting - Pitching for Las Vegas Rat Pack : RHP Jose Ruiz
Batting: RHB Pete Alonso 0-0: Called Strike
0-1: Ball
1-1: Called Strike
1-2: Strikes out swinging
Batting: SHB Anthony Garcia 0-0: Ball
1-0: Ball
2-0: Ground out 4-3 (Groundball, 34D, EV 98.8 MPH)
Pinch Hitting: RHB Juan Querecuto 0-0: Called Strike
0-1: Foul Ball, location: 2F
0-2: Fly out, F9 (Flyball, 9, EV 91.2 MPH)
Top of the 7th over - 0 runs, 0 hits, 0 errors, 0 left on base; Seattle 6 - Las Vegas 8
BOTTOM OF THE 7TH
Las Vegas Rat Pack batting - Pitching for Seattle Mariners : RHP Luke Farrell
Now at 3B: Juan Querecuto
Pinch Hitting: RHB Jean Segura 0-0: Swinging Strike
0-1: Foul Ball, location: 2F
0-2: Strikes out swinging
Batting: LHB David Dahl 0-0: Ball
1-0: Ball
2-0: Ball
3-0: Called Strike
3-1: Fly out, F3 (Popup, 3DF, EV 58.8 MPH)
Batting: LHB Tim Gonzales 0-0: Ball
1-0: Swinging Strike
1-1: Called Strike
1-2: Ground out 3-1 (Groundball, 34S, EV 85.6 MPH)
Bottom of the 7th over - 0 runs, 0 hits, 0 errors, 0 left on base; Seattle 6 - Las Vegas 8
TOP OF THE 8TH
Seattle Mariners batting - Pitching for Las Vegas Rat Pack : RHP Jose Ruiz
Now at 3B: Jean Segura
Pinch Hitting: RHB Noelvi Marte 0-0: Called Strike
0-1: Ball
1-1: Foul Ball, location: 2F
1-2: Foul Ball, location: 2F
1-2: Foul Ball, location: 2F
1-2: Ball
2-2: Ball
3-2: Foul Ball, location: 2F
3-2: Base on Balls
Pitching: RHP Felix Pena
Pinch Hitting: RHB Starling Heredia 0-0: Ball
1-0: Sac Bunt to 23 - play at first, batter OUT! 3-4
Noelvi Marte to second
Batting: LHB Chance Sisco 0-0: SINGLE (Groundball, 34D, EV 95.6 MPH)
Noelvi Marte to third
Runner from 3rd tries for Home, SAFE, throw by RF to home
Pitching: RHP Victor Arano
Batting: RHB Joe Gotte 0-0: Fly out, F9 (Flyball, 9LS, EV 77.5 MPH)
Batting: LHB Taylor Trammell 0-0: Foul Ball, location: 2F
0-1: Ball
1-1: Swinging Strike
1-2: Ball
2-2: Ball
3-2: Strikes out swinging
Top of the 8th over - 1 run, 1 hit, 0 errors, 1 left on base; Seattle 7 - Las Vegas 8
BOTTOM OF THE 8TH
Las Vegas Rat Pack batting - Pitching for Seattle Mariners : RHP Luke Farrell
Now at 2B: Noelvi Marte
Now in RF: Starling Heredia
Batting: LHB Bobby Bradley 0-0: Ball
1-0: Ball
2-0: Ball
3-0: Base on Balls
Pitching: LHP Reymin Guduan
Batting: LHB Justin Williams 0-0: Sac Bunt to 13S - play at first, batter OUT! 1-4
Bobby Bradley to second
Batting: LHB Nick Ciuffo 0-0: 2-RUN HOME RUN (Flyball, 89XD, EV 98.8 MPH), Distance : 413 ft
Batting: RHB Wilfredo Tovar 0-0: Foul Ball, location: 2F
0-1: Ball
1-1: Foul Ball, location: 2F
1-2: Foul Ball, location: 2F
1-2: Ball
2-2: Strikes out swinging
Batting: RHB Brayan Buelvas 0-0: Swinging Strike
0-1: SINGLE (Line Drive, 8RS, EV 110.6 MPH)
Batting: SHB Engelb Vielma 0-0: Called Strike
0-1: Ground out 4-3 (Groundball, 4, EV 90.0 MPH)
Bottom of the 8th over - 2 runs, 2 hits, 0 errors, 1 left on base; Seattle 7 - Las Vegas 10
TOP OF THE 9TH
Seattle Mariners batting - Pitching for Las Vegas Rat Pack : RHP Victor Arano
Pitching: RHP Taylor Williams
Batting: LHB Ender Inciarte 0-0: Ball
1-0: Called Strike
1-1: Swinging Strike
1-2: Ball
2-2: Strikes out swinging
Batting: RHB Pete Alonso 0-0: Ground out 4-3 (Groundball, 4, EV 103.8 MPH)
Batting: SHB Anthony Garcia 0-0: Ball
1-0: Ball
2-0: Called Strike
2-1: Foul Ball, location: 2F
2-2: Strikes out looking
Top of the 9th over - 0 runs, 0 hits, 0 errors, 0 left on base; Seattle 7 - Las Vegas 10
Saturday, June 11th , 2022 - OOTP Baseball 22.12 Build 89